 Dungeon Crawl Stone Soup version 0.14-a0-882-gdff4d47 (webtiles) character file.

267 JacquesDerrida the Chopper (level 5, 0/44 HPs)
             Began as a Hill Orc Gladiator on Nov 17, 2013.
             Slain by a quokka (1 damage)
             ... on Level 4 of the Dungeon.
             The game lasted 00:04:18 (2146 turns).

JacquesDerrida the Chopper (Hill Orc Gladiator)     Turns: 2146, Time: 00:04:18

HP   0/44        AC  4     Str 18      XL: 5   Next:  2%
MP   4/4         EV 11     Int  9      God:
Gold 149         SH  8     Dex 11      Spells:  0 memorised,  4 levels left

Res.Fire  : . . .   See Invis. : +   x - +0 rod of warding (curse) (7/11)
Res.Cold  : . . .   Warding    : .   b - +0 orc leather armour (curse)
Life Prot.: . . .   Conserve   : .   (no shield)
Res.Poison: .       Res.Corr.  : .   c - +0 orc helmet
Res.Elec. : .       Clarity    : .   (no cloak)
Sust.Abil.: + .     Spirit.Shd : .   (no gloves)
Res.Mut.  : .       Stasis     : .   (no boots)
Res.Rott. : .       Flight     : .   (no amulet)
Saprovore : + . .                    n - ring of sustain abilities
                                     m - ring of see invisible

@: drained, slightly resistant to hostile enchantments, very unstealthy
A: saprovore 1
a: no special abilities


You were on level 4 of the Dungeon.
You were hungry.

You visited 1 branch of the dungeon, and saw 4 of its levels.

You collected 149 gold pieces.

Inventory:

Hand weapons
 a - a +0,+0 orcish hand axe
 p - a +1,+0 orcish hand axe
Missiles
 d - 3 throwing nets (quivered)
 y - 5 tomahawks
Armour
 b - a cursed +0 orcish leather armour (worn)
 c - a +0 orcish helmet (worn)
 w - a +0 chain mail
Magical devices
 v - a wand of confusion (11)
Comestibles
 f - 2 meat rations
 l - 4 bread rations
 r - a choko
 z - a rotting chunk of adder flesh
 B - a chunk of goblin flesh
Scrolls
 g - 5 scrolls of identify
 j - 3 scrolls of teleportation
 o - a scroll of amnesia {unknown}
Jewellery
 e - an uncursed amulet of faith
 m - a ring of see invisible (left hand)
 n - a ring of sustain abilities (right hand)
Potions
 h - 2 potions of speed {unknown}
 i - a potion of invisibility {unknown}
 k - a potion of curing {unknown}
 s - 2 potions of brilliance {unknown}
 t - a potion of magic {unknown}
 u - a potion of heal wounds {unknown}
 A - a potion of poison {unknown}
Books
 q - a book of Callings

   Spells                             Type                      Level
   Summon Small Mammal                Summoning                    1
   Call Imp                           Summoning                    2
   Call Canine Familiar               Summoning                    3
   Summon Scorpions                   Summoning/Poison             4
   Summon Ice Beast                   Ice/Summoning                4
Rods
 x - a cursed +0 rod of warding (7/11) (weapon)
   (You found it on level 3 of the Dungeon)


   Skills:
 - Level 2.4(2.1) Fighting
 + Level 7.3(7.0) Axes
 - Level 2.0(1.7) Throwing
 - Level 2.4(2.1) Dodging


You had 4 spell levels left.
You didn't know any spells.

Dungeon Overview and Level Annotations

Branches:
Dungeon (4/16)
 Temple: D:4-7

Altars:


Innate Abilities, Weirdness & Mutations

You can tolerate rotten meat.


Message History

* * * LOW HITPOINT WARNING * * *
Evoke which spell from the rod ([a-d] spell [?*] list)?
Okay, then.
Evoke which spell from the rod ([a-d] spell [?*] list)?
A crackling disc of dense vapour forms in the air!
You block the quokka's attack. The quokka bites you.
* * * LOW HITPOINT WARNING * * *
Unknown command.
The quokka closely misses you.
Found a scroll labeled ALOMPI JIOC.
You hit the quokka but do no damage.
The quokka is lightly wounded.
The quokka bites you.
* * * LOW HITPOINT WARNING * * *
The quokka bites you.
* * * LOW HITPOINT WARNING * * *
You hit the quokka.
The quokka is heavily wounded.
The quokka bites you.
You die...

#.......#
#.......# ..
#.......# #(.#
#.......#
......###......<#
................#
##..#.###.......#
?.......##.#######
........@rr#
........##.######
.../...........#
##..##.........#
..........!.......
# ######.##.###..
#%# .# . ... .#
... #


You could see 2 quokkas.

Vanquished Creatures
  A worm zombie (D:3)
  6 adders
  A worm (D:2)
  3 giant geckos
  An ooze (D:2)
  An orc (D:3)
  A ball python (D:3)
  6 bats
  3 giant cockroaches
  3 hobgoblins
  2 jackals (D:2)
  8 kobolds
  A quokka (D:3)
  2 giant newts
  6 goblins
  8 rats
53 creatures vanquished.

Notes
Turn   | Place    | Note
--------------------------------------------------------------
     0 | D:1      | JacquesDerrida, the Hill Orc Gladiator, began the quest for the Orb.
     0 | D:1      | Reached XP level 1. HP: 18/18 MP: 0/0
   200 | D:1      | Reached XP level 2. HP: 22/25 MP: 1/1
   539 | D:2      | Reached skill level 5 in Axes
   577 | D:2      | Reached XP level 3. HP: 27/30 MP: 2/2
   870 | D:2      | Reached skill level 6 in Axes
  1125 | D:2      | Reached XP level 4. HP: 36/38 MP: 3/3
  1619 | D:3      | Reached skill level 7 in Axes
  1833 | D:3      | Identified a cursed +0 rod of warding (11/11) (You found it on level 3 of the Dungeon)
  1963 | D:3      | Reached XP level 5. HP: 34/44 MP: 4/4
  2145 | D:4      | HP: 2/44 [quokka (3)]
  2146 | D:4      | Slain by a quokka

Action                   |  1- 3 |  4- 6 || total
-------------------------+-------+-------++-------
Melee: Hand axe          |   101 |    90 ||   191
       Rod               |       |    35 ||    35
Evoke: Wand              |       |     1 ||     1
       Rod               |       |     1 ||     1
  Use: Scroll            |       |     6 ||     6
